 Dungeon Crawl Stone Soup version 0.22-a0-456-g11ed031 (webtiles) character file.

75 n0claF the Skirmisher (level 4, -5/29 HPs)
             Began as a Gargoyle Monk on June 6, 2018.
             Slain by a scorpion (7 damage)
             ... on level 2 of the Dungeon.
             The game lasted 00:03:21 (1035 turns).

n0claF the Skirmisher (Gargoyle Monk)               Turns: 1035, Time: 00:03:23

Health: -5/29      AC:  8    Str: 16    XL:     4   Next: 31%
Magic:  4/4        EV: 11    Int: 10    God:
Gold:   86         SH:  0    Dex: 12    Spells: 3/3 levels left

rFire    . . .     SeeInvis .   a - +0 mace
rCold    . . .     Gourm    .   (no shield)
rNeg     + . .     Faith    .   b - +0 ring mail
rPois    ∞         Spirit   .   (no helmet)
rElec    +         Reflect  .   (no cloak)
rCorr    .         Harm     .   (no gloves)
MR       .....                  (no boots)
Stlth    +.........             (no amulet)
HPRegen  0.09/turn              (no ring)
MPRegen  0.09/turn              (no ring)

@: no status effects
A: negative energy resistance 1, electricity resistance, unbreathing,
petrification resistance, rot immunity, AC +3
a: no special abilities


You were on level 2 of the Dungeon.
You were hungry.

You visited 1 branch of the dungeon, and saw 2 of its levels.

You collected 86 gold pieces.

Inventory:

Hand Weapons
 a - a +0 mace (weapon)
Armour
 b - a +0 ring mail (worn)
 d - a +0 leather armour
Wands
 h - a wand of flame (26)
Scrolls
 e - a scroll of identify {unknown}
 f - a scroll of remove curse {unknown}
Potions
 g - a potion of heal wounds {unknown}
Comestibles
 c - 3 rations


   Skills:
 + Level 4.0 Fighting
 + Level 3.6 Maces & Flails
 + Level 1.7 Armour
 + Level 2.9 Dodging
 - Level 2.2 Stealth


You had 3 spell levels left.
You didn't know any spells.
Your spell library was empty.

Dungeon Overview and Level Annotations

Branches:
Dungeon (2/15)

Altars:


Innate Abilities, Weirdness & Mutations

You are resistant to torment.
Your stone body is resilient. (AC +3)
You are immune to poison.
You resist negative energy. (rN+)
You are resistant to electric shocks. (rElec)
You can survive without breathing.
You are immune to petrification.
You are immune to rotting.


Message History

You completely miss the kobold. The kobold hits you but does no damage.
The rat bites you but does no damage. The scorpion stings you.
* * * LOW HITPOINT WARNING * * *
You hit the kobold.
You kill the kobold!
The rat bites you but does no damage. The scorpion closely misses you.
Things that are here:
a ring mail; a scroll labeled FIAMUX ZUNNID You hit the rat.
You kill the rat!
You hit the scorpion but do no damage.
The scorpion is heavily wounded.
The scorpion misses you. The scorpion closely misses you.
You closely miss the scorpion.
The scorpion is heavily wounded.
The scorpion barely misses you.
You barely miss the scorpion.
The scorpion is heavily wounded.
The scorpion stings you!
You die...

#. #?...# #..
##...... #..
#........
#..##.........
##.#... ....... ..
...... ..... ..
#.#.##$.# #.##
#...@sl# #..#
###.####
###.#####.#
#.........#
#.........########
#......).........#
#..†.............#
#................#
#...........†....#


You could see a scorpion and a frilled lizard.

Vanquished Creatures
  3 adders (D:2)
  2 oozes (D:1)
  8 bats
  A giant cockroach (D:1)
  3 goblins (D:1)
  2 hobgoblins (D:1)
  9 jackals (D:1)
  5 frilled lizards
  5 kobolds
  3 rats
41 creatures vanquished.

Notes
Turn   | Place    | Note
-------+----------+-------------------------------------------
     0 | D:1      | n0claF the Gargoyle Monk began the quest for the Orb.
     0 | D:1      | Reached XP level 1. HP: 14/14 MP: 1/1
   148 | D:1      | Reached XP level 2. HP: 16/19 MP: 2/2
   523 | D:1      | Reached skill level 1 in Armour
   523 | D:1      | Reached XP level 3. HP: 20/24 MP: 3/3
   865 | D:2      | Reached XP level 4. HP: 20/29 MP: 4/4
  1010 | D:2      | Reached skill level 4 in Fighting
  1035 | D:2      | Slain by a scorpion

Vault maps used:
D:1:      elethiomel_arrival_shortcut
D:2:      hex_intersection, grunt_ministairs_3, minmay_misc_feat_secret_circle

Skill      XL: |  1  2  3  4 |
---------------+-------------+-----
Armour         | 1 |  1.7
Fighting       | 4 |  4.0
Maces & Flails | |  3.6
Dodging        | |  2.9
Stealth        | |  2.2

Action                   |  1- 3 |  4- 6 || total
-------------------------+-------+-------++-------
Melee: Mace              |   115 |    37 ||   152
 Stab: Sleeping          |     2 |       ||     2
Armor: Robe              |     7 |       ||     7
       Leather armour    |    21 |       ||    21
       Ring mail         |    50 |    26 ||    76
Dodge: Dodged            |   145 |    34 ||   179

Table legend:
 A = Spawn XP
 B = Non-spawn XP
 C = Spawn XP percentage of total XP
 D = Spawn monster count
 E = Non-spawn monster count
 F = Spawn count percentage of total count
 G = Total turns spent on level
                    A         B        C        D         E        F      G
               +---------+---------+-------+---------+---------+-------+---------
         Total |       0 |     108 |   0.0 |       0 |      41 |   0.0 |  1035
               +---------+---------+-------+---------+---------+-------+---------
           D:1 |       0 |      61 |   0.0 |       0 |      31 |   0.0 |   845
           D:2 |       0 |      47 |   0.0 |       0 |      10 |   0.0 |   190
               +---------+---------+-------+---------+---------+-------+---------
